AAA
MOSCOW MULES @ MONTERREY KILLER WHALES
08/20/2059
 
TOP OF THE 1ST
Moscow Mules batting - Pitching for Monterrey Killer Whales : RHP Braden Jordan
Pitching: RHP Braden Jordan
Batting: RHB Donald Stringer 0-0: Called Strike
0-1: Bunted foul
0-2: Ball
1-2: Ball
2-2: Ball
3-2: Strikes out swinging
Batting: RHB Tyrone Smith 0-0: Called Strike
0-1: SINGLE (Groundball, 25, EV 73.1 MPH) (infield hit)
Batting: LHB Billy Collins 0-0: Ball
1-0: 2-RUN HOME RUN (Flyball, 9D, EV 93.8 MPH), Distance : 357 ft
Batting: LHB Brian Washington 0-0: Ball
1-0: Ball
2-0: Called Strike
2-1: Ball
3-1: Base on Balls
Batting: RHB Shawn Douglas 0-0: Ball
1-0: Ball
Brian Washington is caught stealing 2nd base 2-4
2-0: Fly out, F8 (Flyball, 8LXD, EV 88.1 MPH)
Top of the 1st over - 2 runs, 2 hits, 0 errors, 0 left on base; Moscow 2 - Monterrey 0
BOTTOM OF THE 1ST
Monterrey Killer Whales batting - Pitching for Moscow Mules : LHP Christian Nieminen
Pitching: LHP Christian Nieminen
Batting: LHB Ray Seevers 0-0: Foul Ball, location: 2F
0-1: Ball
1-1: Ball
2-1: Swinging Strike
2-2: Fly out, F8 (Flyball, 8RD, EV 101.2 MPH)
Batting: RHB Jaren Toone 0-0: Swinging Strike
0-1: Ball
1-1: Called Strike
1-2: Ball
2-2: Ball
3-2: Base on Balls
Batting: LHB Tony May 0-0: Ball
1-0: Foul Ball, location: 2F
1-1: Ball
2-1: Ball
3-1: Called Strike
3-2: Foul Ball, location: 2F
3-2: Foul Ball, location: 2F
3-2: Fielders Choice at 2nd, 4-6 (Groundball, 4S, EV 86.9 MPH)
Batting: LHB Kade Cotto 0-0: Ball
1-0: Ball
2-0: Ball
3-0: Base on Balls
Tony May to second
Batting: RHB Donovan Bergin 0-0: Foul Ball, location: 2F
0-1: Ball
1-1: Swinging Strike
1-2: SINGLE (Groundball, 3D, EV 105.0 MPH)
Tony May to third
Kade Cotto to second
Runner from 3rd tries for Home, throw by RF and OUT! 9-2
Bottom of the 1st over - 0 runs, 1 hit, 0 errors, 2 left on base; Moscow 2 - Monterrey 0
TOP OF THE 2ND
Moscow Mules batting - Pitching for Monterrey Killer Whales : RHP Braden Jordan
Batting: LHB Colton Boose 0-0: Called Strike
0-1: Ball
1-1: Ball
2-1: Foul Ball, location: 2F
2-2: Ground out 6-3 (Groundball, 6M, EV 94.4 MPH)
Batting: LHB Austin Anderson 0-0: Ball
1-0: Foul Ball, location: 2F
1-1: Ball
2-1: SOLO HOME RUN (Flyball, 78XD, EV 114.4 MPH), Distance : 418 ft
Batting: RHB DeAndrae Sainovic 0-0: Called Strike
0-1: DOUBLE (Line Drive, 9LS, EV 107.5 MPH)
Batting: RHB Cole Rega 0-0: Called Strike
0-1: Ball
1-1: Foul Ball, location: 2F
1-2: Foul Ball, location: 2F
1-2: Ball
2-2: SINGLE (Groundball, 56D, EV 106.9 MPH)
DeAndrae Sainovic to third
Runner from 3rd tries for Home, SAFE, throw by LF to home
Batting: RHB Donald Stringer 0-0: Ball
1-0: Foul Ball, location: 2F
1-1: Foul Ball, location: 2F
1-2: Ball
2-2: Fly out, F7 (Flyball, 78D, EV 90.0 MPH)
Batting: RHB Tyrone Smith 0-0: Ball
1-0: Ball
2-0: Called Strike
2-1: Swinging Strike
2-2: Strikes out swinging
Top of the 2nd over - 2 runs, 3 hits, 0 errors, 1 left on base; Moscow 4 - Monterrey 0
BOTTOM OF THE 2ND
Monterrey Killer Whales batting - Pitching for Moscow Mules : LHP Christian Nieminen
Batting: SHB Tucker Shad 0-0: Ball
1-0: Called Strike
1-1: SOLO HOME RUN (Flyball, 9D, EV 105.0 MPH), Distance : 377 ft
Batting: LHB Tito Monyagishali 0-0: Swinging Strike
0-1: Swinging Strike
0-2: Ball
1-2: Foul Ball, location: 2F
1-2: Ball
2-2: Ground out 6-3 (Groundball, 6, EV 81.2 MPH)
Batting: LHB Kagan Abbasi 0-0: Ball
1-0: Called Strike
1-1: Ball
2-1: Called Strike
2-2: SINGLE (Groundball, 4S, EV 65.6 MPH) (infield hit)
Batting: LHB Stephen Snowbarger 0-0: Ball
1-0: Called Strike
1-1: Called Strike
Kagan Abbasi is caught stealing 2nd base 2-6
1-2: Ball
2-2: Ball
3-2: Ground out 4-3 (Groundball, 4M, EV 109.4 MPH)
Bottom of the 2nd over - 1 run, 2 hits, 0 errors, 0 left on base; Moscow 4 - Monterrey 1
TOP OF THE 3RD
Moscow Mules batting - Pitching for Monterrey Killer Whales : RHP Braden Jordan
Batting: LHB Billy Collins 0-0: Ball
1-0: Ball
2-0: Foul Ball, location: 2F
2-1: Foul Ball, location: 2F
2-2: Fly out, F7 (Flyball, 78S, EV 88.1 MPH)
Batting: LHB Brian Washington 0-0: Fly out, F7 (Flyball, 7S, EV 95.0 MPH)
Batting: RHB Shawn Douglas 0-0: Ball
1-0: Foul Ball, location: 2F
1-1: Ball
2-1: Ball
3-1: Base on Balls
Batting: LHB Colton Boose 0-0: Ball
1-0: Ball
2-0: Ball
3-0: Base on Balls
Shawn Douglas to second
Batting: LHB Austin Anderson 0-0: Called Strike
0-1: Called Strike
0-2: Ball
1-2: Strikes out swinging
Top of the 3rd over - 0 runs, 0 hits, 0 errors, 2 left on base; Moscow 4 - Monterrey 1
BOTTOM OF THE 3RD
Monterrey Killer Whales batting - Pitching for Moscow Mules : LHP Christian Nieminen
Batting: LHB Ray Seevers 0-0: Ball
1-0: Swinging Strike
1-1: Called Strike
1-2: Ball
2-2: Foul Ball, location: 2F
2-2: Strikes out looking
Batting: RHB Jaren Toone 0-0: Called Strike
0-1: Foul Ball, location: 2F
0-2: Ball
1-2: Foul Ball, location: 2F
1-2: Fly out, F2 (Popup, 23F, EV 84.4 MPH)
Batting: LHB Tony May 0-0: Ground out 5-3 (Groundball, 56, EV 93.1 MPH)
Bottom of the 3rd over - 0 runs, 0 hits, 0 errors, 0 left on base; Moscow 4 - Monterrey 1
TOP OF THE 4TH
Moscow Mules batting - Pitching for Monterrey Killer Whales : RHP Braden Jordan
Batting: RHB DeAndrae Sainovic 0-0: Ball
1-0: Ball
2-0: Ball
3-0: Called Strike
3-1: Fly out, F4 (Line Drive, 4, EV 68.8 MPH)
Batting: RHB Cole Rega 0-0: Called Strike
0-1: Swinging Strike
0-2: Foul Ball, location: 2F
0-2: Strikes out swinging
Batting: RHB Donald Stringer 0-0: Ball
1-0: Called Strike
1-1: Called Strike
1-2: Ball
2-2: Strikes out swinging
Top of the 4th over - 0 runs, 0 hits, 0 errors, 0 left on base; Moscow 4 - Monterrey 1
BOTTOM OF THE 4TH
Monterrey Killer Whales batting - Pitching for Moscow Mules : LHP Christian Nieminen
Batting: LHB Kade Cotto 0-0: Ball
1-0: Called Strike
1-1: Foul Ball, location: 2F
1-2: Ball
2-2: Ball
3-2: Foul Ball, location: 2F
3-2: Foul Ball, location: 2F
3-2: Foul Ball, location: 2F
3-2: Foul Ball, location: 2F
3-2: Strikes out swinging
Batting: RHB Donovan Bergin 0-0: Called Strike
0-1: DOUBLE (Line Drive, 9LS, EV 96.9 MPH)
Batting: SHB Tucker Shad 0-0: Ball
1-0: Ball
2-0: Ball
3-0: Called Strike
3-1: Foul Ball, location: 2F
3-2: Foul Ball, location: 2F
3-2: Reached on error, E6 (Groundball, 6, EV 96.9 MPH)
Donovan Bergin to third
Batting: LHB Tito Monyagishali 0-0: Called Strike
0-1: Foul Ball, location: 2F
0-2: Ball
1-2: Ball
2-2: Foul Ball, location: 2F
2-2: Ball
3-2: Strikes out swinging
Batting: LHB Kagan Abbasi 0-0: Swinging Strike
0-1: Ball
1-1: Ball
2-1: Swinging Strike
2-2: Strikes out swinging
Bottom of the 4th over - 0 runs, 1 hit, 1 error, 2 left on base; Moscow 4 - Monterrey 1
TOP OF THE 5TH
Moscow Mules batting - Pitching for Monterrey Killer Whales : RHP Braden Jordan
Batting: RHB Tyrone Smith 0-0: Called Strike
0-1: SINGLE (Line Drive, 5D, EV 97.5 MPH)
Batting: LHB Billy Collins 0-0: Foul Ball, location: 2F
0-1: Swinging Strike
0-2: Grounds into double play, 4-6-3 (Groundball, 4M, EV 89.4 MPH)
Batting: LHB Brian Washington 0-0: Called Strike
0-1: Ball
1-1: Foul Ball, location: 2F
1-2: Strikes out looking
Top of the 5th over - 0 runs, 1 hit, 0 errors, 0 left on base; Moscow 4 - Monterrey 1
BOTTOM OF THE 5TH
Monterrey Killer Whales batting - Pitching for Moscow Mules : LHP Christian Nieminen
Pitching: RHP Justice Rasberry
Batting: LHB Stephen Snowbarger 0-0: SINGLE (Line Drive, 4D, EV 96.9 MPH)
Batting: LHB Ray Seevers 0-0: Sac Bunt to 13 - play at first, batter safe!
Stephen Snowbarger to second
Batting: RHB Jaren Toone 0-0: Foul Ball, location: 2F
0-1: Ball
1-1: Foul Ball, location: 2F
1-2: Foul Ball, location: 2F
1-2: Foul Ball, location: 2F
1-2: Foul Ball, location: 2F
1-2: Foul Ball, location: 2F
1-2: Ball
2-2: Foul Ball, location: 2F
2-2: Foul Ball, location: 2F
2-2: Fly out, F7 (Flyball, 7D, EV 95.6 MPH)
Batting: LHB Tony May 0-0: Called Strike
0-1: Grounds into double play, 6-4-3 (Groundball, 6, EV 102.5 MPH)
Bottom of the 5th over - 0 runs, 2 hits, 0 errors, 1 left on base; Moscow 4 - Monterrey 1
TOP OF THE 6TH
Moscow Mules batting - Pitching for Monterrey Killer Whales : RHP Braden Jordan
Batting: RHB Shawn Douglas 0-0: Ball
1-0: Ball
2-0: Foul Ball, location: 2F
2-1: Foul Ball, location: 2F
2-2: Strikes out looking
Batting: LHB Colton Boose 0-0: Ball
1-0: Ball
2-0: Ball
3-0: Base on Balls
Batting: LHB Austin Anderson 0-0: Ball
1-0: SINGLE (Groundball, 6MD, EV 105.0 MPH)
Colton Boose to second
Batting: RHB DeAndrae Sainovic 0-0: Ball
1-0: Ball
2-0: Called Strike
2-1: Swinging Strike
2-2: Strikes out swinging
Pitching: RHP Collin Klohr
Batting: RHB Cole Rega 0-0: Ball
1-0: Called Strike
1-1: Foul Ball, location: 2F
1-2: Ball
2-2: Foul Ball, location: 2F
2-2: Ball
3-2: Base on Balls
Colton Boose to third
Austin Anderson to second
Batting: RHB Donald Stringer 0-0: Ball
1-0: Swinging Strike
1-1: Foul Ball, location: 2F
1-2: Foul Ball, location: 2F
1-2: Fly out, F3 (Line Drive, 3, EV 68.1 MPH)
Top of the 6th over - 0 runs, 1 hit, 0 errors, 3 left on base; Moscow 4 - Monterrey 1
BOTTOM OF THE 6TH
Monterrey Killer Whales batting - Pitching for Moscow Mules : RHP Justice Rasberry
Batting: LHB Kade Cotto 0-0: Ball
1-0: Ball
2-0: Ball
3-0: Called Strike
3-1: Base on Balls
Batting: RHB Donovan Bergin 0-0: Foul Ball, location: 2F
0-1: Swinging Strike
0-2: Ball
Pickoff Throw to First - Out! 1-3
1-2: Ground out 4-3 (Groundball, 4, EV 85.6 MPH)
Batting: SHB Tucker Shad 0-0: Ball
1-0: Called Strike
1-1: Foul Ball, location: 2F
1-2: Ball
2-2: SINGLE (Groundball, 4MD, EV 102.5 MPH)
Batting: LHB Tito Monyagishali 0-0: Ball
1-0: Ball
2-0: Foul Ball, location: 2F
2-1: Swinging Strike
2-2: Ball
3-2: DOUBLE (Line Drive, 9LM, EV 96.2 MPH)
Tucker Shad to third
Tucker Shad scores
Batting: LHB Kagan Abbasi 0-0: Ground out U3 (Groundball, 34, EV 82.5 MPH)
Bottom of the 6th over - 1 run, 2 hits, 0 errors, 1 left on base; Moscow 4 - Monterrey 2
TOP OF THE 7TH
Moscow Mules batting - Pitching for Monterrey Killer Whales : RHP Collin Klohr
Batting: RHB Tyrone Smith 0-0: Ground out 4-3 (Groundball, 4, EV 84.4 MPH)
Batting: LHB Billy Collins 0-0: Ball
1-0: Ball
2-0: Swinging Strike
2-1: Ball
3-1: Ground out 6-3 (Groundball, 6, EV 85.6 MPH)
Batting: LHB Brian Washington 0-0: Ball
1-0: Ball
2-0: Foul Ball, location: 2F
2-1: Swinging Strike
2-2: Ball
3-2: Foul Ball, location: 2F
3-2: Ground out 4-3 (Groundball, 4, EV 87.5 MPH)
Top of the 7th over - 0 runs, 0 hits, 0 errors, 0 left on base; Moscow 4 - Monterrey 2
BOTTOM OF THE 7TH
Monterrey Killer Whales batting - Pitching for Moscow Mules : RHP Justice Rasberry
Batting: LHB Stephen Snowbarger 0-0: Foul Ball, location: 2F
0-1: Called Strike
0-2: Ball
1-2: Strikes out looking
Batting: LHB Ray Seevers 0-0: Ball
1-0: Called Strike
1-1: Ball
2-1: Ground out 4-3 (Groundball, 4, EV 80.0 MPH)
Batting: RHB Jaren Toone 0-0: Ball
1-0: Called Strike
1-1: Ball
2-1: Ball
3-1: Base on Balls
Pitching: LHP Seymour Tuchalski
Batting: LHB Tony May 0-0: Ball
1-0: Ball
2-0: Swinging Strike
2-1: Fly out, F9 (Flyball, 9, EV 86.2 MPH)
Bottom of the 7th over - 0 runs, 0 hits, 0 errors, 1 left on base; Moscow 4 - Monterrey 2
TOP OF THE 8TH
Moscow Mules batting - Pitching for Monterrey Killer Whales : RHP Collin Klohr
Now at 2B: Isaac Johnson
Batting: RHB Shawn Douglas 0-0: Ball
1-0: Called Strike
1-1: SINGLE (Line Drive, 6D, EV 98.8 MPH)
Pitching: RHP Efrain Hutcherson
Batting: LHB Colton Boose 0-0: Bunt missed!
0-1: Ball
1-1: Bunt - Flyout to P! F1
Batting: LHB Austin Anderson 0-0: Swinging Strike
0-1: Swinging Strike
0-2: Ball
1-2: Strikes out looking
Batting: RHB DeAndrae Sainovic 0-0: Ball
1-0: Ball
2-0: Ball
3-0: Called Strike
3-1: Base on Balls
Shawn Douglas to second
Batting: RHB Cole Rega 0-0: Called Strike
0-1: Foul Ball, location: 2F
0-2: Foul Ball, location: 2F
0-2: Ball
1-2: SINGLE (Groundball, 4MD, EV 98.8 MPH)
Shawn Douglas to third
DeAndrae Sainovic to second
Batting: RHB Donald Stringer 0-0: Ball
Wild Pitch!
Shawn Douglas scores
DeAndrae Sainovic to third
Cole Rega to second
1-0: Foul Ball, location: 2F
1-1: Foul Ball, location: 2F
1-2: Ball
2-2: Strikes out looking
Top of the 8th over - 1 run, 2 hits, 0 errors, 2 left on base; Moscow 5 - Monterrey 2
BOTTOM OF THE 8TH
Monterrey Killer Whales batting - Pitching for Moscow Mules : LHP Seymour Tuchalski
Batting: LHB Kade Cotto 0-0: Ball
1-0: Swinging Strike
1-1: Ball
2-1: Foul Ball, location: 2F
2-2: Ball
3-2: Ground out 3-1 (Groundball, 34S, EV 85.6 MPH)
Batting: RHB Donovan Bergin 0-0: Foul Ball, location: 2F
0-1: Foul Ball, location: 2F
0-2: Ball
1-2: Ball
2-2: Strikes out swinging
Batting: SHB Tucker Shad 0-0: Ball
1-0: Swinging Strike
1-1: Ball
2-1: Ball
3-1: Foul Ball, location: 2F
3-2: Strikes out swinging
Bottom of the 8th over - 0 runs, 0 hits, 0 errors, 0 left on base; Moscow 5 - Monterrey 2
TOP OF THE 9TH
Moscow Mules batting - Pitching for Monterrey Killer Whales : RHP Efrain Hutcherson
Pitching: RHP Leroy Kettler
Batting: RHB Tyrone Smith 0-0: Ground out 1-3 (Groundball, 15S, EV 70.6 MPH)
Batting: LHB Billy Collins 0-0: Ball
1-0: Foul Ball, location: 2F
1-1: Swinging Strike
1-2: Foul Ball, location: 2F
1-2: Ball
2-2: Foul Ball, location: 2F
2-2: Ball
3-2: Strikes out swinging
Batting: LHB Brian Washington 0-0: Called Strike
0-1: Swinging Strike
0-2: Foul Ball, location: 2F
0-2: Foul Ball, location: 2F
0-2: Ball
1-2: Foul Ball, location: 2F
1-2: Strikes out swinging
Top of the 9th over - 0 runs, 0 hits, 0 errors, 0 left on base; Moscow 5 - Monterrey 2
BOTTOM OF THE 9TH
Monterrey Killer Whales batting - Pitching for Moscow Mules : LHP Seymour Tuchalski
Pitching: RHP Cleshawn Topp
Batting: LHB Isaac Johnson 0-0: Foul Ball, location: 2F
0-1: Ball
1-1: Fly out, F9 (Flyball, 9D, EV 101.2 MPH)
Batting: LHB Kagan Abbasi 0-0: Ball
1-0: Swinging Strike
1-1: Foul Ball, location: 2F
1-2: Ball
2-2: Strikes out swinging
Batting: LHB Stephen Snowbarger 0-0: Ball
1-0: Ball
2-0: Ball
3-0: Called Strike
3-1: Foul Ball, location: 2F
3-2: Strikes out looking
Bottom of the 9th over - 0 runs, 0 hits, 0 errors, 0 left on base; Moscow 5 - Monterrey 2
Monday, March 25th , 2024 - OOTP Baseball 23.10 Build 110